 Dungeon Crawl Stone Soup version 0.32-a0-859-gb0a091d592 (webtiles) character file.

Game seed: 11199181776585841763

270 ytrimaz the Caller (level 6, -2/36 HPs)
             Began as an Octopode Summoner on Mar 27, 2024.
             Killed from afar by an orc wizard (7 damage)
             ... with a magic dart
             ... on level 4 of the Dungeon.
             The game lasted 00:05:14 (3765 turns).

ytrimaz the Caller (Octopode Summoner)              Turns: 3765, Time: 00:05:15

Health: -2/36      AC:  1    Str: 13    XL:     6   Next: 22%
Magic:  3/12       EV: 12    Int: 20    God:
Gold:   180        SH:  0    Dex: 12    Spells: 7/13 levels left

rFire   . . .        (no weapon)
rCold   . . .        (no shield)
rNeg    . . .        (helmet restricted)
rPois   .            (no amulet)
rElec   .            b - +6 ring of strength
rCorr   .            (no ring)
SInv    .            (no ring)
Will    .....        (no ring)
Stlth   +++          (no ring)
HPRegen 0.26/turn    (no ring)
MPRegen 0.13/turn    (no ring)
                     (no ring)

%: no passive effects
@: inugami summoned
A: almost no armour, amphibious, 8 rings, camouflage 1, gelatinous body 1,
(nimble swimmer 1), tentacles
a: Convert to Beogh


You were on level 4 of the Dungeon.
You visited 1 branch of the dungeon, and saw 4 of its levels.

You collected 180 gold pieces.


Innate Abilities, Weirdness & Mutations

You cannot wear most types of armour.
You are amphibious.
You can wear up to eight rings at the same time.
Your skin changes colour to match your surroundings (Stealth+).
Your rubbery body absorbs attacks. (AC +1, EV +1)
((You are camouflaged when in or above water. (Stealth+)))
You have tentacles for arms and can constrict up to eight enemies at once.


   Skills:
 - Level 2.0 Dodging
 - Level 2.6 Stealth
 + Level 4.3 Spellcasting
 + Level 5.9 Summonings


You had 7 spell levels left.
You knew the following spells:

 Your Spells              Type           Power      Damage    Failure   Level
a - Summon Small Mammal   Summ           100%       N/A       1%          1
b - Call Imp              Summ           54%        N/A       1%          2
c - Call Canine Familiar  Summ           27%        N/A       3%          3

Your spell library contained the following spells:

 Spells                   Type           Power      Damage    Failure   Level
 Summon Blazeheart Golem  Fire/Summ      16%        N/A       36%         4
 Summon Lightning Spire   Summ/Air       16%        N/A       36%         4

Inventory:

Missiles
 k - 4 darts of dispersal
Jewellery
 b - a +6 ring of strength (left tentacle)
   (You found it on level 1 of the Dungeon)
 m - a ring of ice
   (You found it on level 2 of the Dungeon)
Scrolls
 c - 2 scrolls of identify
 e - a scroll of blinking {unknown}
 g - a scroll of poison {unknown}
 h - 3 scrolls of noise
 n - a scroll of enchant weapon
 q - a scroll of silence {unknown}
 r - a scroll of revelation {unknown}
Potions
 a - a potion of magic
 d - a potion of ambrosia {unknown}
 f - a potion of invisibility {unknown}
 i - 2 potions of curing
 j - a potion of brilliance {unknown}
 l - a potion of haste {unknown}
 o - a potion of mutation {unknown}
 p - a potion of attraction {unknown}

Dungeon Overview and Level Annotations

Branches:
Dungeon (4/15) Zot: 20226
 Temple: D:4-7

Altars:
Cheibriados
Elyvilon

....)....##..####..##......#
.........##........###<....##
....#######.........##......#
##..#######..........##.....##
#....................#......#
#.....................#.....##
#.................###........#
##..........[.......###.......#
##..............@....###......#
ß##.†......#....ob...####.....#
..##..[..###....h5....####....#
..ß#..#### #....{$.....####...#
...+.## #.....or.....##..###
..ß#..## ##............#..#
..##...## #............#.##
ß##.....## #..............#
##.......# ##......(.....##


You could see an orc priest (ally target), an orc wizard (ally target), a
friendly cerulean imp (summoned), a friendly quokka (summoned), a friendly
inugami (summoned) and a friendly bat (summoned).


Message History

MASSIVE DAMAGE!! (PAUSE)
You lost 1 mp, and now have 10/12 mp.
Casting: Summon Small Mammal (safe; 1% risk of failure)
Confirm with . or Enter, or press ? or * to list all spells.
You miscast Call Canine Familiar.
You are very lightly contaminated with residual magic.
Nothing appears to happen.
The orc barely misses your bat.
The orc wizard gestures at you while chanting.
The puff of flame hits you!
* * * LOW HITPOINT WARNING * * *
The orc priest shouts, "The Pantheon deserves no one's loyalty.
Let us show you the true path!" (press Y on the ability menu to convert to Beogh) 😨 HP[-10] MP[-3]
You take 10 damage, and now have 15/36 hp.
MASSIVE DAMAGE!! (PAUSE)
You lost 3 mp, and now have 7/12 mp.
Casting: Call Canine Familiar (dangerous; 3% risk of failure)
Confirm with . or Enter, or press ? or * to list all spells.
Okay, then.
Unknown command.
Casting: Call Canine Familiar (dangerous; 3% risk of failure)
Confirm with . or Enter, or press ? or * to list all spells.
You call for your canine familiar and it appears with a howl!
Your bat closely misses the orc. 😨 HP[+1] MP[-3]
You lost 3 mp, and now have 4/12 mp.
Unknown command.
Casting: Call Canine Familiar (dangerous; 3% risk of failure)
Confirm with . or Enter, or press ? or * to list all spells.
A tiny devil pulls itself out of the air.
The orc priest shouts, "Beogh offers mercy even to people such as you.
Join us and be reborn!" x2
Your bat hits the orc but does no damage. 😨 MP[-2]
You lost 2 mp, and now have 2/12 mp.
Unknown command.
Your quokka barely misses the orc.
Your quokka bites the orc but does no damage.
Your bat hits the orc priest but does no damage.
Your cerulean imp closely misses the orc wizard.
Your quokka bites the orc but does no damage. 😨 HP[+1]
Your cerulean imp hits the orc wizard but does no damage.
The orc closely misses your cerulean imp.
The orc priest misses your quokka.
Your bat hits the orc. 😨 MP[+1]
Your bat barely misses the orc.
Your bat hits the orc.
Your quokka closely misses the orc.
Your cerulean imp hits the orc wizard with a -2 spear.
The orc hits your inugami but does no damage.
The orc wizard gestures wildly while chanting.
The orc wizard flickers and vanishes!
Deactivating autopickup; reactivate with Ctrl-A.
The orc priest misses your quokka.
Your bat hits the orc but does no damage.
Your inugami barely misses the orc.
The orc wizard hits you with a +5 dagger.
* * * LOW HITPOINT WARNING * * *
Your quokka barely misses the orc.
Your cerulean imp hits the orc wizard but does no damage.
The orc hits your inugami but does no damage.
The orc priest calls down the wrath of Beogh upon you.
Your quokka writhes in agony.
Your inugami hits the orc but does no damage. 😨 HP[-5]
You take 5 damage, and now have 12/36 hp.
Unknown command.
You barely miss the orc wizard. You grab the orc wizard.
You constrict the orc wizard.
Your bat barely misses the orc.
Your quokka barely misses the orc priest.
The orc wizard hits you with a +5 dagger.
* * * LOW HITPOINT WARNING * * *
Your cerulean imp hits the orc wizard but does no damage.
The orc hits your inugami with a +0 dagger.
Something closely misses your inugami.
The orc priest barely misses your quokka.
Your quokka bites the orc priest.
Your inugami hits the orc.
The orc priest shouts, "Beogh offers mercy even to people such as you.
Join us and be reborn!"
Your magical contamination has completely faded away. 😱 HP[-5]
You take 5 damage, and now have 7/36 hp.
Unknown command.
You tentacle-slap the orc wizard but do no damage.
You constrict the orc wizard.
Your bat hits the orc but does no damage.
The orc wizard hits you with a +5 dagger.
* * * LOW HITPOINT WARNING * * *
Your cerulean imp hits the orc wizard but does no damage.
Your quokka bites the orc priest.
The orc closely misses your inugami. Something closely misses your inugami.
Your inugami hits the orc!
The orc dies! 😱 HP[-2]
You take 2 damage, and now have 5/36 hp.
Unknown command.
Unknown command.
You tentacle-slap the orc wizard but do no damage.
You constrict the orc wizard.
Your bat hits the orc wizard but does no damage.
The orc wizard points at you and mumbles some strange words.
The magic dart hits you!
You die...

Skill      XL: |  1  2  3  4  5 |
---------------+----------------+-----
Spellcasting   | 3 4 |  4.3
Summonings     | 5 |  5.9
Dodging        | |  2.0
Stealth        | |  2.6

Action                     |  1- 3 |  4- 6 || total
---------------------------+-------+-------++-------
  Melee: Unarmed           |    37 |    40 ||    77
         Constrict         |    16 |    15 ||    31
         Tentacles         |     8 |    10 ||    18
         Punch             |     1 |     1 ||     2
  Throw: Dart              |       |     2 ||     2
   Cast: Summon Small Mamm |    24 |    40 ||    64
         Call Imp          |     3 |    14 ||    17
         Call Canine Famil |       |    11 ||    11
    Use: Scroll            |       |     4 ||     4
   Stab: Sleeping          |     9 |     2 ||    11
         Distracted        |       |     1 ||     1
 Armour: Skin              |    17 |    33 ||    50
  Dodge: Dodged            |    22 |    28 ||    50

Levels and vault maps discovered:
D:1:      minmay_arrival_jagged, layout_basic, hellmonk_ecumenical_altar_run_dry
D:2:      layout_loops_corners, basic_altar, uniq_natasha
D:3:      layout_loops_ring
D:4:      layout_cave_pods, mainiacjoe_overflow_chevrons, dk_noncrumbling_4

Notes
Turn   | Place    | Note
-------+----------+-------------------------------------------
     0 | D:1      | ytrimaz the Octopode Summoner began the quest for the Orb.
     0 | D:1      | Reached XP level 1. HP: 11/11 MP: 3/3
     0 | D:1      | magus.rc [v1.9.6]
   119 | D:1      | Found a faded altar of an unknown god.
   135 | D:1      | Reached XP level 2. HP: 17/17 MP: 3/5
   655 | D:1      | Reached XP level 3. HP: 21/21 MP: 6/6
   674 | D:1      | Learned a level 2 spell: Call Imp
   678 | D:1      | Learned a level 3 spell: Call Canine Familiar
  1109 | D:2      | Noticed Natasha
  1120 | D:2      | Killed Natasha
  1121 | D:2      | Reached skill level 3 in Spellcasting
  1272 | D:2      | Reached XP level 4. HP: 27/27 MP: 5/8
  1420 | D:2      | Noticed Natasha
  1425 | D:2      | Killed Natasha
  1426 | D:2      | Reached skill level 5 in Summonings
  1597 | D:2      | Reached XP level 5. HP: 31/31 MP: 7/10
  1831 | D:2      | Found a white marble altar of Elyvilon.
  3355 | D:4      | Reached skill level 4 in Spellcasting
  3549 | D:4      | Reached XP level 6. HP: 21/36 MP: 12/12
  3667 | D:4      | Found a snail-covered altar of Cheibriados.
  3763 | D:4      | HP: 7/36 [orc wizard/+5 dagger (6)]
  3765 | D:4      | Killed from afar by an orc wizard

Vanquished Creatures
  A scorpion (D:4)
  Natasha (D:2)
  A dart slug (D:2)
  4 ball pythons
  4 bats
  2 endoplasms
  4 giant cockroaches
  3 goblins
  6 hobgoblins
  A jackal (D:1)
  2 quokkas
  4 kobolds
  3 rats (D:1)
36 creatures vanquished.

Vanquished Creatures (collateral kills)
  A jelly (D:4)
  Natasha (D:2)
  4 gnolls (D:2)
  An adder (D:4)
  A ribbon worm (D:2)
  2 orcs
  6 bats
  2 endoplasms
  2 giant cockroaches (D:3)
  4 hobgoblins
  A jackal (D:1)
  2 quokkas
  3 ball pythons
  A frilled lizard (D:2)
  2 goblins (D:1)
  3 kobolds
  3 rats
39 creatures vanquished.

Grand Total: 75 creatures vanquished

Table legend:
 A = Non-vault XP
 B = Vault XP
 C = Vault XP percentage of total XP
 D = Non-vault monster count
 E = Vault monster count
 F = Vault count percentage of total count
                 A         B        C        D         E       F
            +---------+---------+-------+---------+---------+-------
      Total |     352 |      35 |   9.0 |      74 |       1 |   1.3
            +---------+---------+-------+---------+---------+-------
        D:1 |      37 |       0 |   0.0 |      23 |       0 |   0.0
        D:2 |     130 |      35 |  21.2 |      25 |       1 |   3.8
        D:3 |      24 |       0 |   0.0 |      14 |       0 |   0.0
        D:4 |     161 |       0 |   0.0 |      12 |       0 |   0.0
            +---------+---------+-------+---------+---------+-------

Skill      XL: |  1  2  3  4  5 |
---------------+----------------+-----
Spellcasting   | 3 4 |  4.3
Summonings     | 5 |  5.9
Dodging        | |  2.0
Stealth        | |  2.6

Action                     |  1- 3 |  4- 6 || total
---------------------------+-------+-------++-------
  Melee: Unarmed           |    37 |    40 ||    77
         Constrict         |    16 |    15 ||    31
         Tentacles         |     8 |    10 ||    18
         Punch             |     1 |     1 ||     2
  Throw: Dart              |       |     2 ||     2
   Cast: Summon Small Mamm |    24 |    40 ||    64
         Call Imp          |     3 |    14 ||    17
         Call Canine Famil |       |    11 ||    11
    Use: Scroll            |       |     4 ||     4
   Stab: Sleeping          |     9 |     2 ||    11
         Distracted        |       |     1 ||     1
 Armour: Skin              |    17 |    33 ||    50
  Dodge: Dodged            |    22 |    28 ||    50

Illustrated notes

Table legend:
 A = Kills in this place as a percentage of kills in the entire game.
 B = Kills by you in this place as a percentage of kills by you in the entire game.
 C = Kills by friends in this place as a percentage of kills by friends in the entire game.
 D = Other kills in this place as a percentage of other kills in the entire game.
 E = Experience gained in this place as a percentage of experience gained in the entire game.
 F = Experience gained in this place divided by the number of levels of this place that you have seen.
                   A       B       C       D       E      F
               +-------+-------+-------+-------+-------+----------------------
         Total | 100.0 | 100.0 | 100.0 |   N/A | 100.0 |  96.8
       Dungeon | 100.0 | 100.0 | 100.0 |   N/A | 100.0 |  96.8
               +-------+-------+-------+-------+-------+----------------------

Table legend: (Time is in decaauts)
 A = Elapsed time spent in this place.
 B = Non-inter-level travel time spent in this place.
 C = Inter-level travel time spent in this place.
 D = Time resting spent in this place.
 E = Time spent auto-exploring this place.
 F = Levels seen in this place.
 G = Mean time per level.
                   A        B        C        D        E       F      G
               +--------+--------+--------+--------+--------+-----+--------+
         Total |   3772 |   3685 |     87 |      0 |   3011 |   4 |  943.0 |
       Dungeon |   3772 |   3685 |     87 |      0 |   3011 |   4 |  943.0 |
               +--------+--------+--------+--------+--------+-----+--------+

Top non-repeatable levels by time:
     D:2: 1412 daAuts
     D:1: 924 daAuts
     D:3: 888 daAuts
     D:4: 547 daAuts
